AoeStats
← _LY_抖音肥龙

Arena

506689219Analyzed
4v4 RM · 17d ago on Sep 14, 2026· 26m 0s· 8 players
Game mode
Random Map
Map size
Large (8 player)
Population
200
Speed
Normal
Resources
Standard
Victory
Conquest
Starting age
Dark Age
Ending age
Imperial Age
RankedLock teamsTeams togetherTeam positionsShared explorationLock speedFull tech treeHidden civsTurbo modeCheats
Victory
Defeat
🇨🇳 Muisca · China
1878
+8
🇭🇰 Chinese · Hong Kong SAR China
1791
+11
🇨🇳 Bohemians · China
1639
+17
🇨🇳 Hindustanis · China
1600
+17
🇺🇸 Bengalis · United States
1747
-17
🇨🇦 Portuguese · Canada
1665
-13
🇸🇰 Georgians · Slovakia
1639
-12
🇵🇪 Inca · Peru
1616
-11
NoTrickPony
10:50 Feudal Age
14:51 Castle Age
12:41 Horse Collar
13:34 Double-Bit Axe
14:45 Scale Mail Armor
15:50 Chain Mail Armor
14:56 Champi Runner
16:06 Arson
16:25 Squires
20:10 Forging
19:51 Champi Warrior
TheShadowrawen
10:14 Feudal Age
11:28 Loom
14:07 Castle Age
12:59 Double-Bit Axe
14:41 Horse Collar
Benitto Burrito
5:07 Loom
9:23 Feudal Age
10:53 Double-Bit Axe
12:09 Arson
12:58 Fletching
18:30 Town Watch
19:03 Horse Collar
25:52 Castle Age
买女孩的小火柴
10:31 Feudal Age
14:15 Castle Age
12:54 Double-Bit Axe
13:11 Gold Mining
13:10 Loom
18:05 Redemption
18:18 Sanctity
24:29 Atonement
24:43 Fervor
aimbot
10:37 Feudal Age
14:21 Castle Age
12:15 Double-Bit Axe
13:11 Horse Collar
16:07 Bow Saw
22:13 Loom
25:12 Town Watch
28:07 Imperial Age
25:24 Loom
CNZS_Bad Koala
9:30 Feudal Age
13:10 Castle Age
11:18 Double-Bit Axe
11:59 Horse Collar
14:12 Bow Saw
18:27 Town Watch
20:44 Loom
21:36 Wheelbarrow
22:27 Bow Saw
27:45 Imperial Age
26:26 Hand Cart
26:06 Gold Mining
云层贩卖心动
11:07 Feudal Age
12:12 Double-Bit Axe
12:27 Loom
15:31 Castle Age
19:09 Horse Collar
22:05 Wheelbarrow
23:07 Bow Saw
23:08 Heavy Plow
26:53 Hand Cart
26:23 Town Watch
_LY_抖音肥龙
0:50 Loom
10:19 Feudal Age
11:16 Loom
14:21 Castle Age
12:36 Double-Bit Axe
13:25 Horse Collar
15:37 Bow Saw
23:19 Fletching
24:29 Devotion
26:07 Bodkin Arrow
Connection lost

Rejoining the realm…

Still unreachable

The connection could not be restored.

Session expired

The server has moved on; the page needs a fresh start.